 Dungeon Crawl Stone Soup version 0.28-a0-1312-g71652a0310 (webtiles) character file.

Game seed: 15122669273951932068

1910 Mesmaeker13 the Conjurer (level 8, -1/127 HPs)
             Began as a White Draconian Conjurer on Dec 27, 2021.
             Was an Initiate of Vehumet.
             Slain by a gargoyle (8 damage)
             ... on level 6 of the Dungeon.
             The game lasted 00:13:01 (7450 turns).

Mesmaeker13 the Conjurer (White Draconian Conjurer) Turns: 7450, Time: 00:13:01

Health: -1/127     AC: 24    Str: 16    XL:     8   Next: 94%
Magic:  16/16      EV:  2    Int: 20    God:    Vehumet [......]
Gold:   442        SH:  6    Dex: 10    Spells: 8/18 levels left

rFire   . . .      SeeInvis .   y - +6 flail (venom)
rCold   . . .      Faith    .   n - +2 buckler
rNeg    . . .      Spirit   .   (armour unavailable)
rPois   +          Reflect  .   (helmet currently unavailable)
rElec   .          Harm     .   (cloak currently unavailable)
rCorr   .          Rampage  .   (gloves currently unavailable)
Will    .....      Archmagi +   (boots currently unavailable)
Stlth   .......... NoTele   +   t - amulet of the acrobat
HPRegen 0.31/turn               g - ring of the Mage {Wiz Archmagi}
MPRegen 0.15/turn               z - ring of Goelaw {+Blink rPois Str+6}

@: berserking, short of breath, tree-form, very quick
A: stationary, stasis, torment immunity, boosted hp, (breathe frost), AC +6,
unfitting armour, (cold resistance 1), (cold-blooded)
a: Renounce Religion, Evoke Blink


You were on level 6 of the Dungeon.
You worshipped Vehumet.
Vehumet was noncommittal.
You were a tree.
You visited 2 branches of the dungeon, and saw 8 of its levels.

You collected 442 gold pieces.

Inventory:

Hand Weapons
 a - a +0 spear of flaming
 m - a +5 dagger
 y - a +6 flail of venom (weapon)
Armour
 n - a +2 buckler (worn)
 p - a +0 pair of boots (melded)
 r - a +0 cloak (melded)
Magical Staves
 i - a staff of cold
Jewellery
 g - the ring of the Mage (left branch) {Wiz Archmagi}
   (You found it on level 2 of the Dungeon)

   [ring of wizardry]

   It improves your spell success rate.
   Archmagi:  It increases the power of your magical spells.
 s - an amulet of faith
 t - an amulet of the acrobat (around neck)
 z - the ring of Goelaw (right branch) {+Blink rPois Str+6}
   (You found it on level 6 of the Dungeon)

   [ring of strength]

   Str:       It affects your strength (+6).
   rPois:     It protects you from poison.
   +Blink:    It lets you blink.
Wands
 j - a wand of acid (6)
 B - a wand of flame (11)
Scrolls
 b - 2 scrolls of fear
 d - a scroll of blinking
 e - a scroll of noise {unknown}
 f - a scroll of amnesia
 l - a scroll of immolation
 q - 4 scrolls of fog
 u - 2 scrolls of teleportation
 v - a scroll of enchant armour {unknown}
 C - a scroll of identify
Potions
 c - 2 potions of lignification
 k - a potion of ambrosia
 o - a potion of brilliance {unknown}
 w - a potion of attraction {unknown}
 x - a potion of might {unknown}
 A - a potion of mutation {unknown}


   Skills:
 - Level 3.4 Dodging
 - Level 1.7 Stealth
 - Level 4.0 Shields
 + Level 5.9 Spellcasting
 + Level 7.4 Conjurations
 + Level 4.7 Hexes


You had 8 spell levels left.
You knew the following spells:

 Your Spells              Type           Power      Damage    Failure   Level
a - Magic Dart            Conj           100%       1d8       1%          1
b - Searing Ray           Conj           100%       2d8       1%          2
c - Dazzling Flash        Conj/Hex       90%        N/A       1%          3
d - Fulminant Prism       Conj/Hex       22%        3d13      3%          4

Your spell library contained the following spells:

 Spells                   Type           Power      Damage    Failure   Level
 Iskenderun's Mystic Bla  Conj/Tloc      31%        2d8       9%          4
 Animate Dead             Necr           4%         N/A       38%         4
 Borgnjor's Vile Clutch   Necr/Erth      4%         N/A       71%         5
 Death Channel            Necr           4%         N/A       99%         6


Dungeon Overview and Level Annotations

Branches:
Dungeon (7/15)             Temple (1/1) D:5

Altars:
Cheibriados
Dithmenos
Elyvilon
Fedhas
Gozag
Hepliaklqana
Makhleb
Okawaru
Qazlal
Ru
Sif Muna
Trog
Uskayaw
Vehumet
Wu Jian
Xom
Yredelemnul
Zin

Shops:
D:5 !   D:6 (


Innate Abilities, Weirdness & Mutations

You are a tree.
Your roots penetrate the ground, keeping you stationary.
You cannot be teleported.
You are immune to unholy pain and torment.
Your maximum health is greatly increased.
Your equipment is partially melded.
((You can breathe waves of freezing cold which knock back foes.))
((Your icy white scales are hard. (AC +6)))
You cannot fit into any form of body armour.
((Your flesh is cold resistant. (rC+)))
((You are cold-blooded and may be slowed by cold attacks.))


Message History

You finish channelling your searing ray.
You block the gargoyle's attack.
Unknown command.
Really quaff the potion of lignification?
You turn into a tree.
Your +0 cloak melds into your body.
Your +0 pair of boots melds into your body.
Your roots penetrate the ground.
The gargoyle hits you with a +0 morningstar!
Unknown command.
Okay, then.
Okay, then.
You hit the gargoyle.
The gargoyle is severely damaged.
The gargoyle hits you with a +0 morningstar!
The gargoyle hurls a stone arrow at you.
The stone arrow hits you!!
* * * LOW HITPOINT WARNING * * *
You hit the gargoyle.
The gargoyle is almost destroyed.
The gargoyle hits you but does no damage.
You hit the gargoyle but do no damage.
The gargoyle is almost destroyed.
The gargoyle hits you but does no damage.
You are confused.
You feel invigorated.
The gargoyle hits you but does no damage.
Unknown command.
The gargoyle hurls a stone arrow at you.
The stone arrow hits you!
* * * LOW HITPOINT WARNING * * *
You feel less invigorated.
You feel less confused.
The gargoyle hurls a stone arrow at you.
The stone arrow hits you!
* * * LOW HITPOINT WARNING * * *
It was a potion of berserk rage.
A red film seems to cover your vision as you go berserk!
You feel yourself moving faster!
You feel mighty!
The gargoyle hits you with a +0 morningstar!
You die...

..........# #..#.#
#.##.###.###. ########..#
#..#.####............
#..###.........##.###..###
#######..#......#######.###..#
##....[...#.#.#### #.......#
...#####.##.#.# #..####.# ####
#.##.#.# #..# #.# #.##.#.#####
#..# #.# ..##....9♣.# #..#
#.### # ######.###.# #..#
#...# # #.###.#####..# ###.# #
#.........#..# #.# #
#.#######.#..# #.# # #.#
#.#..# #.# # #########9##
#.#..######.# # #..........#
#...........# # #.######..##
#.#..########


You could see a gargoyle.

Vanquished Creatures
  Menkaure (D:6)
  Edmund (D:6)
  Duvessa (D:6)
  A black bear (D:6)
  2 necrophages
  A hornet zombie (D:7)
  2 ogres
  2 centaurs
  A scorpion (D:5)
  A water moccasin zombie (D:5)
  Dowan (D:6)
  2 howler monkeys (D:6)
  A vampire bat (D:5)
  2 hounds (D:5)
  2 orc priests (D:3)
  2 jellies
  A bullfrog skeleton (D:4)
  Ijyb (D:4)
  3 iguanas
  2 orc wizards (D:3)
  A howler monkey skeleton (D:5)
  4 adders
  2 shadow imps (D:7)
  An ufetubus (D:5)
  An adder zombie (D:5)
  A dart slug (D:4)
  3 fire bats (D:5)
  11 orcs
  2 spectral bats (D:5)
  15 bats
  3 bat skeletons (D:5)
  A bat zombie (D:5)
  5 endoplasms
  3 giant cockroaches
  7 goblins
  6 hobgoblins
  7 jackals
  5 kobolds
  4 quokkas
  6 ball pythons
  A bat simulacrum (D:5)
  2 frilled lizards (D:2)
  4 rats
125 creatures vanquished.

Vanquished Creatures (others)
  A plant (D:2)
  3 withered plants (D:2)
4 creatures vanquished.

Grand Total: 129 creatures vanquished

Notes
Turn   | Place    | Note
-------+----------+-------------------------------------------
     0 | D:1      | Mesmaeker13 the Draconian Conjurer began the quest for the
                  | Orb.
     0 | D:1      | Reached XP level 1. HP: 14/14 MP: 3/3
   327 | D:1      | Reached XP level 2. HP: 20/20 MP: 0/5
   875 | D:2      | Learned a level 2 spell: Searing Ray
   935 | D:2      | Reached XP level 3. HP: 26/26 MP: 0/6
  1047 | D:2      | Found the ring of the Mage {Wiz Archmagi}
  1149 | D:2      | Found a faded altar of an unknown god.
  1814 | D:3      | Reached XP level 4. HP: 33/33 MP: 1/8
  2465 | D:3      | Reached XP level 5. HP: 10/38 MP: 4/9
  2700 | D:3      | Reached skill level 5 in Conjurations
  2705 | D:3      | Learned a level 3 spell: Dazzling Flash
  3066 | D:3      | Found a sacrificial altar of Ru.
  3107 | D:4      | Noticed an ogre
  3516 | D:4      | Noticed Ijyb
  3521 | D:4      | Paralysed by Ijyb for 4 turns
  3537 | D:4      | Killed Ijyb
  3652 | D:4      | Found an opulent altar of Gozag.
  3876 | D:4      | Reached skill level 1 in Hexes
  3927 | D:4      | Killed an ogre
  3928 | D:4      | Reached skill level 1 in Shields
  3928 | D:4      | Reached XP level 6. HP: 37/45 MP: 3/11
  4336 | D:4      | Found a white marble altar of Elyvilon.
  4498 | D:5      | Entered Level 5 of the Dungeon
  4882 | D:5      | Your scales start taking on an icy white colour.
  4882 | D:5      | Reached XP level 7. HP: 50/50 MP: 8/13
  4882 | D:5      | Gained mutation: Your flesh is cold resistant. (rC+) [White
                  | Draconian growth]
  4945 | D:5      | Found Huqigow's Distillery.
  5117 | D:5      | Found a staircase to the Ecumenical Temple.
  5120 | D:5      | You fall into a shaft and drop 2 floors!
  5128 | D:7      | Found a blossoming altar of Fedhas.
  5214 | D:7      | Learned a level 4 spell: Fulminant Prism
  5332 | D:7      | Reached skill level 6 in Conjurations
  5540 | D:6      | Reached XP level 8. HP: 57/57 MP: 7/15
  5612 | D:6      | Reached skill level 5 in Spellcasting
  5698 | D:6      | Noticed Edmund
  5706 | D:6      | Killed Edmund
  5879 | D:5      | Found an iron altar of Okawaru.
  6318 | D:5      | Found a hide-covered altar of Uskayaw.
  6318 | D:5      | Found a bloodstained altar of Trog.
  6318 | D:5      | Found a stormy altar of Qazlal.
  6416 | Temple   | Entered the Ecumenical Temple
  6457 | Temple   | Became a worshipper of Vehumet
  6725 | D:6      | Noticed Menkaure
  6728 | D:6      | Killed Menkaure
  6729 | D:6      | Reached skill level 7 in Conjurations
  6776 | D:6      | Identified the ring of Goelaw {+Blink rPois Str+6}
  6815 | D:6      | Noticed Dowan
  6831 | D:6      | Killed Dowan
  6893 | D:6      | Noticed Duvessa
  6906 | D:6      | Killed Duvessa
  6928 | D:6      | Noticed a gargoyle
  7127 | D:6      | Identified the +1 ring mail of Recklessness {rC+ Dex+5}
  7151 | D:6      | Found a hazy altar of Hepliaklqana.
  7251 | D:6      | Found Elixudgho's Firing Range.
  7449 | D:6      | HP: 4/85 [gargoyle/stone arrow (12)]
  7450 | D:6      | Slain by a gargoyle

Illustrated notes

Levels and vault maps discovered:
D:1:      ebering_trefoil_3fold, layout_rooms
D:2:      layout_rooms, shapermc_ecumenical_altar_flowoftime
D:3:      layout_rooms, nicolae_ru_the_path_less_chosen
D:4:      layout_loops_corners, nicolae_gozag_cash_rules_everything_around_me,
          elyvilon_altar_5, hex_medium, minivault_24,
          kennysheep_generic_room_11, uniq_ijyb
D:5:      layout_basic, amcnicky_altar_gilded, gammafunk_temple_overflow_claw,
          temple_fountains, serial_shops, shop_statue,
          chequers_serial_rivers_room_a, goddamned_bats
D:6:      layout_loops_ring, kennysheep_mini_moat, nicolae_shop_firing_range,
          uniq_edmund, uniq_duvessa, uniq_menkaure
D:7:      layout_basic, fedhas_ov_isle_minmay, enter_bailey_6
Temple:   kb_temple_of_zot

Skill      XL: |  1  2  3  4  5  6  7  8 |
---------------+-------------------------+-----
Dodging        | 2 3 |  3.4
Spellcasting   | 3 4 5 |  5.9
Conjurations   | 5 6 7 |  7.4
Hexes          | 1 2 3 4 |  4.7
Shields        | 1 3 4 |  4.0
Stealth        | |  1.7

Action                   |  1- 3 |  4- 6 |  7- 9 || total
-------------------------+-------+-------+-------++-------
Melee: Spear             |    18 |       |     7 ||    25
       Tailslap          |     6 |     1 |       ||     7
       Dagger            |    19 |    13 |     6 ||    38
       Flail             |       |       |     9 ||     9
Throw: Dart              |       |     3 |     5 ||     8
 Cast: Magic Dart        |    54 |    90 |    27 ||   171
       Searing Ray       |     3 |    17 |    32 ||    52
 Abil: Breathe Frost     |       |       |     7 ||     7
Evoke: Wand              |       |       |     2 ||     2
  Use: Scroll            |       |     4 |     4 ||     8
       Potion            |       |       |     3 ||     3
Armor: Skin              |     4 |    11 |    16 ||    31
Dodge: Dodged            |    21 |    17 |    77 ||   115
Block: Buckler           |       |     3 |    36 ||    39

Table legend: (Time is in decaauts)
 A = Elapsed time spent in this place.
 B = Non-inter-level travel time spent in this place.
 C = Inter-level travel time spent in this place.
 D = Time resting spent in this place.
 E = Time spent auto-exploring this place.
 F = Levels seen in this place.
 G = Mean time per level.
                   A        B        C        D        E       F      G
               +--------+--------+--------+--------+--------+-----+--------+
         Total |   7457 |   7308 |    149 |   1217 |   4818 |   8 |  932.1 |
       Dungeon |   7347 |   7213 |    134 |   1217 |   4733 |   7 | 1049.6 |
        Temple |    109 |     94 |     15 |      0 |     85 |   1 |  109.0 |
               +--------+--------+--------+--------+--------+-----+--------+

Top non-repeatable levels by time:
     D:5: 1444 daAuts
     D:4: 1382 daAuts
     D:2: 1243 daAuts
     D:3: 1113 daAuts
     D:6: 1035 daAuts
     D:1: 761 daAuts
     D:7: 366 daAuts
  Temple: 109 daAuts
